Replay - TvZ Marine Tanks Helbats Push

Build Order

Get SALT Encoding   

  12  0:01  SCV  
  13  0:13  SCV  
  14  0:18  Supply Depot  
  14  0:25  SCV  
  14  0:28  Refinery  
  15  0:39  SCV  
  16  0:46  Barracks  
  16  0:51  SCV  
  17  1:03  SCV  
  18  1:16  SCV  
  19  1:28  SCV  
  20  1:35  Barracks Reactor  
  20  1:40  Orbital Command  
  20  1:47  Command Center  
  20  1:57  Factory  
  20  2:04  Supply Depot  
  20  2:08  SCV  
  20  2:15  Marine x2  
  21  2:20  Refinery  
  23  2:26  SCV  
  24  2:35  Marine x2  
  26  2:40  SCV  
  26  2:42  Factory Tech Lab  
  27  2:54  SCV  
  27  2:55  Marine x2  
  30  3:03  Orbital Command  
  30  3:04  Siege Tank  
  33  3:09  SCV  
  33  3:10  Factory  
  34  3:16  Marine x2  
  36  3:23  Orbital Command, Supply Depot, SCV  
  37  3:35  Marine  
  37  3:36  Marine  
  37  3:37  Siege Tank  
  42  3:44  SCV  
  43  3:52  SCV  
  43  3:54  Supply Depot  
  43  3:55  Marine x2  
  45  3:56  Factory Reactor  
  45  3:58  SCV  
  47  4:06  SCV  
  47  4:09  Siege Tank  
  51  4:14  Marine x2  
  51  4:15  SCV  
  54  4:18  SCV  
  54  4:19  Supply Depot  
  55  4:26  Armory  
  55  4:27  SCV  
  55  4:30  SCV  
  57  4:33  Hellion  
  57  4:36  Hellion  
  61  4:39  SCV  
  61  4:40  Marine x2  
  64  4:46  Siege Tank  
  64  4:48  SCV  
  64  4:51  SCV  
  64  4:52  Supply Depot  
  69  5:00  SCV  
  70  5:13  SCV  
  70  5:14  Hellion x2  
  75  5:27  Hellion  
  75  5:28  SCV  
  78  5:32  Supply Depot  
  78  5:33  Refinery  
  78  5:34  Refinery, Command Center  
  78  5:53  SCV x2  
  78  5:54  Hellion  
Spawning Tool Build Advisor. Get it on Overwolf

Go to:

Details

  • Created by: spikecraft
  • Published on: Jun 19, 2016
  • Modified on: Jun 19, 2016
  • Patch: Pre-3.8.0
Show
View Real Time Build Order
Export as new Build Order

Comments (0)

There are no comments. Be the first!

Create an account to comment!